 Dungeon Crawl Stone Soup version 0.28-a0-1374-ga75cb3825e (webtiles) character file.

Game seed: 6476372415686550277

645 Teslajakalope the Covered (level 7, -3/63 HPs)
             Began as a Minotaur Fighter on Dec 31, 2021.
             Was a Follower of Trog.
             Slain by a mummy (14 damage)
             ... in an ossuary.
             The game lasted 00:10:17 (4801 turns).

Teslajakalope the Covered (Minotaur Fighter)        Turns: 4801, Time: 00:10:20

Health: -3/63      AC:  7    Str: 28    XL:     7   Next: 27%
Magic:  6/6        EV: 10    Int:  5    God:    Trog [*.....]
Gold:   247        SH:  5    Dex: 10    Spells: 6/6 levels left

rFire   . . .      SeeInvis .   v - +2 flail (venom)
rCold   . . .      Faith    .   c - +0 buckler
rNeg    . . .      Spirit   .   b - +0 scale mail
rPois   .          Reflect  .   (helmet restricted)
rElec   .          Harm     .   (no cloak)
rCorr   .          Rampage  .   (no gloves)
Will    .....                   (no boots)
Stlth   ..........              (no amulet)
HPRegen 0.20/turn               g - +6 ring of strength
MPRegen 0.10/turn               (no ring)

@: no status effects
A: horns 2, retaliatory headbutt
a: Renounce Religion, Berserk


You were in an ossuary.
You worshipped Trog.
Trog was aware of your devotion.
You visited 2 branches of the dungeon, and saw 6 of its levels.
You also visited: Ossuary.

You collected 247 gold pieces.

Inventory:

Hand Weapons
 a - a +0 war axe
 v - a +2 flail of venom (weapon)
Missiles
 l - 2 atropa-tipped darts (quivered)
Armour
 b - a +0 scale mail (worn)
 c - a +0 buckler (worn)
Jewellery
 g - a +6 ring of strength (left hand)
 w - a ring of willpower
Wands
 q - a wand of charming (5)
Scrolls
 f - a scroll of blinking {unknown}
 h - 5 scrolls of identify {unknown}
 i - a scroll of fear {unknown}
 j - a scroll of magic mapping {unknown}
 k - a scroll of vulnerability {unknown}
 o - a scroll of enchant armour {unknown}
 p - a scroll of teleportation {unknown}
 r - a scroll of immolation {unknown}
 u - a scroll of noise {unknown}
Potions
 d - 2 potions of might
 e - a potion of heal wounds {unknown}
 m - a potion of mutation {unknown}
 n - 3 potions of curing {unknown}
 s - a potion of berserk rage {unknown}
 t - a potion of magic {unknown}


   Skills:
 + Level 6.0 Fighting
 - Level 4.7(5.0) Axes
 + Level 2.2(3.8) Maces & Flails
 + Level 6.1 Armour
 - Level 5.5 Shields


You had 6 spell levels left.
You didn't know any spells.
Your spell library contained the following spells:

 Spells                   Type           Power      Damage    Failure   Level
 Dazzling Flash           Conj/Hex       0%         N/A       97%         3
 Agony                    Necr           0%         N/A       100%        5
 Silence                  Hex/Air        0%         N/A       100%        5


Dungeon Overview and Level Annotations

Branches:
Dungeon (5/15)             Temple (1/1) D:4         Ossuary (1/1)

Altars:
Ashenzari
Cheibriados
Dithmenos
Elyvilon
Fedhas
Gozag
Hepliaklqana
Kikubaaqudgha
Makhleb
Nemelex Xobeh
Okawaru
Qazlal
Ru
Sif Muna
Trog
Vehumet
Wu Jian
Xom
Yredelemnul
Zin
The Shining One

Shops:
D:4 [


Innate Abilities, Weirdness & Mutations

You have a pair of horns on your head.
You reflexively headbutt those who attack you in melee.


Message History

You hit the mummy.
You destroy the mummy!
Trog accepts your kill. The hobgoblin zombie barely misses you.
The mummy hits you. You block the gnoll zombie's attack. x2
You barely miss the gnoll zombie. You headbutt the gnoll zombie!
The gnoll zombie is heavily damaged.
The hobgoblin zombie hits you but does no damage.
The gnoll zombie hits you. The gnoll zombie barely misses you.
The gnoll zombie hits you but does no damage.
The mummy hits you!
You thump the gnoll zombie!
You destroy the gnoll zombie!
Trog accepts your kill.
The hobgoblin zombie closely misses you.
The gnoll zombie hits you. You block the gnoll zombie's attack.
The mummy hits you!
* * * LOW HITPOINT WARNING * * *
You sock the mummy!
The mummy is severely damaged.
The gnoll zombie hits you but does no damage.
The hobgoblin zombie hits you but does no damage.
The gnoll zombie hits you but does no damage.
You sock the mummy!
You destroy the mummy!
Trog accepts your kill. The hobgoblin zombie barely misses you.
You furiously retaliate!
You headbutt the hobgoblin zombie!
You destroy the hobgoblin zombie!
Trog accepts your kill.
You can now go berserk at will.
The gnoll zombie barely misses you. You block the mummy's attack.
The gnoll zombie hits you.
* * * LOW HITPOINT WARNING * * *
You hit the gnoll zombie. Your headbutt misses the gnoll zombie.
The gnoll zombie is severely damaged.
The gnoll zombie barely misses you. You furiously retaliate!
You headbutt the gnoll zombie. The kobold zombie barely misses you.
You furiously retaliate!
You headbutt the kobold zombie. The gnoll zombie closely misses you.
The mummy hits you!
You die...

............
#........#
#......#
#....#
#....#
#....#
#....#
#..Z.#
#..M@#
#..ZZ#
#....#
#.∩∩.#
######


You could see a mummy, 2 gnoll zombies and a kobold zombie.

Vanquished Creatures
  An ice beast (D:5)
  A black bear (D:5)
  An ogre (D:4)
  An orc priest (D:3)
  A hound (D:4)
  The ghost of SirDiesAlot the Sneak, a weakling MiDe (D:3)
  3 hound skeletons
  3 mummies (Ossuary)
  2 howler monkey skeletons (D:4)
  7 gnolls
  5 adders
  An adder skeleton (D:4)
  A worm (D:4)
  3 dart slugs
  9 orcs
  4 ball pythons
  5 endoplasms
  4 giant cockroaches
  A gnoll zombie (Ossuary)
  9 goblins
  6 hobgoblins
  3 kobolds
  4 quokkas
  8 bats
  4 frilled lizards (D:1)
  2 hobgoblin zombies (Ossuary)
  A kobold zombie (Ossuary)
  6 rats
97 creatures vanquished.

Notes
Turn   | Place    | Note
-------+----------+-------------------------------------------
     0 | D:1      | Teslajakalope the Minotaur Fighter began the quest for the
                  | Orb.
     0 | D:1      | Reached XP level 1. HP: 19/19 MP: 0/0
   176 | D:1      | Reached XP level 2. HP: 27/27 MP: 1/1
  1001 | D:2      | Identified the +4 ring mail "Vuneon" {*Slow Will+ Dex+3}
  1055 | D:2      | Reached XP level 3. HP: 31/33 MP: 2/2
  1773 | D:3      | Reached XP level 4. HP: 37/40 MP: 3/3
  2155 | D:3      | Noticed SirDiesAlot's ghost (weakling MiDe)
  2167 | D:3      | Found a transporter.
  2170 | D:3      | Found a transporter.
  2208 | D:3      | Reached XP level 5. HP: 40/47 MP: 4/4
  2791 | D:3      | Killed SirDiesAlot's ghost
  2924 | D:4      | Reached skill level 5 in Shields
  2925 | D:4      | Reached skill level 5 in Fighting
  2925 | D:4      | Reached skill level 5 in Armour
  3213 | D:4      | Reached XP level 6. HP: 42/56 MP: 5/5
  3289 | D:4      | Found a staircase to the Ecumenical Temple.
  3304 | Temple   | Entered the Ecumenical Temple
  3548 | Temple   | Became a worshipper of Trog the Wrathful
  4071 | D:4      | Found Wull's Armour Boutique.
  4370 | D:5      | Entered Level 5 of the Dungeon
  4631 | D:5      | Reached skill level 1 in Maces & Flails
  4631 | D:5      | Reached XP level 7. HP: 42/62 MP: 6/6
  4749 | D:5      | Found a sand-covered staircase.
  4754 | Ossuary  | Entered an ossuary
  4800 | Ossuary  | Reached * piety under Trog
  4801 | Ossuary  | Slain by a mummy

Illustrated notes

Levels and vault maps discovered:
D:1:      dpeg_arrival_erosion, layout_basic, serial_co_window_serial,
          co_window_paths_b, co_window_paths_a, co_window_of_opportunity_a,
          co_window_of_opportunity_a, co_window_paths_a, co_window_broadway_c,
          co_window_of_opportunity_b, co_window_unsneaky_path_b,
          co_window_corner_b, co_window_unsneaky_path_a, glass_columns_a,
          glass_columns_b, glass_columns_a
D:2:      layout_basic
D:3:      layout_basic, gammafunk_ghost_arena, corexii_shack, minmay_distorted
D:4:      kennysheep_six_static_rooms, layout_loops_ring,
          minmay_temple_entry_ruins, nicolae_wooded_promenade
D:5:      layout_layer_cave, nicolae_ossuary_entry_plus,
          kennysheep_generic_room_4
Temple:   mainiacjoe_temple_hex_bubbles
Ossuary:  ossuary_tomb_3

Skill      XL: |  1  2  3  4  5  6  7 |
---------------+----------------------+-----
Fighting       | 4 5 6 |  6.0
Armour         | 4 5 6 |  6.1
Shields        | 4 5 |  5.5
Axes           | 3 4 |  4.7
Maces & Flails | 1 2 |  2.2

Action                   |  1- 3 |  4- 6 |  7- 9 || total
-------------------------+-------+-------+-------++-------
Melee: War axe           |    78 |    97 |       ||   175
       Headbutt          |     6 |    13 |     4 ||    23
       Flail             |       |     4 |    16 ||    20
Armor: Scale mail        |    41 |    47 |     8 ||    96
Dodge: Dodged            |    53 |    64 |    21 ||   138
Block: Buckler           |    16 |    19 |     6 ||    41

Table legend: (Time is in decaauts)
 A = Elapsed time spent in this place.
 B = Non-inter-level travel time spent in this place.
 C = Inter-level travel time spent in this place.
 D = Time resting spent in this place.
 E = Time spent auto-exploring this place.
 F = Levels seen in this place.
 G = Mean time per level.
                   A        B        C        D        E       F      G
               +--------+--------+--------+--------+--------+-----+--------+
         Total |   4860 |   4520 |    340 |    728 |   2933 |   7 |  694.3 |
       Dungeon |   4556 |   4232 |    324 |    711 |   2697 |   5 |  911.2 |
        Temple |    254 |    238 |     16 |      0 |    236 |   1 |  254.0 |
       Ossuary |     48 |     48 |      0 |     17 |      0 |   1 |   48.0 |
               +--------+--------+--------+--------+--------+-----+--------+

Top non-repeatable levels by time:
     D:4: 1300 daAuts
     D:3: 1101 daAuts
     D:1: 1000 daAuts
     D:2: 768 daAuts
     D:5: 386 daAuts
  Temple: 254 daAuts
 Ossuary: 48 daAuts
